 Dungeon Crawl Stone Soup version 0.30.1-11-g7821555f0a (webtiles) character file.

Game seed: 7280966142786914311

73 strifetoe the Cudgeller (level 4, -4/38 HPs)
             Began as a Meteoran Cinder Acolyte on Oct 29, 2023.
             Was a High Priest of Ignis.
             Slain by a gnoll
             ... wielding a +0 flail
              (7 damage)
             ... on level 3 of the Dungeon.
             The game lasted 00:02:59 (1263 turns).

strifetoe the Cudgeller (Meteoran Cinder Acolyte)   Turns: 1263, Time: 00:02:59

Health: -4/38      AC:  8    Str: 17    XL:     4   Next: 81%
Magic:  7/7        EV:  4    Int: 16    God:    Ignis [*****.]
Gold:   54         SH:  0    Dex:  9    Spells: 5/5 levels left

rFire   + . .        a - -1 mace (flame)
rCold   . . .        (no shield)
rNeg    . . .        d - +0 chain mail
rPois   .            (no helmet)
rElec   .            (no cloak)
rCorr   .            (no gloves)
SInv    .            (no boots)
Will    .....        (no amulet) Stlth
                     (no ring)
HPRegen 0.26/turn    (no ring)
MPRegen 0.10/turn

%: no passive effects
@: held, glowing
A: sense surroundings 1, otherworldly, glowing, explore regen
a: Renounce Religion, Fiery Armour, Foxfire Swarm, Rising Flame


You were on level 3 of the Dungeon.
You worshipped Ignis.
Ignis was extremely pleased with you.
You visited 1 branch of the dungeon, and saw 3 of its levels.

You collected 54 gold pieces.

Inventory:

Hand Weapons
 a - a -1 mace of flaming (weapon)
Armour
 b - a +0 robe
 d - a +0 chain mail (worn)
Jewellery
 f - a ring of wizardry
 j - a ring of fire
Scrolls
 c - 2 scrolls of magic mapping {unknown}
 e - a scroll of fog {unknown}
 h - a scroll of identify {unknown}
 k - a scroll of blinking {unknown}
Potions
 g - a potion of heal wounds {unknown}
 i - a potion of lignification {unknown}
 l - a potion of curing {unknown}


   Skills:
 - Level 3.2 Fighting
 + Level 6.2 Maces & Flails
 - Level 1.0 Armour
 - Level 1.0 Dodging
 - Level 1.3 Spellcasting
 - Level 3.6 Fire Magic


You had 5 spell levels left.
You didn't know any spells.
Your spell library contained the following spells:

 Spells                   Type           Power      Damage    Failure   Level
 Scorch                   Fire           24%        2d6       65%         2
 Magic Dart               Conj           4%         1d3       95%         1
 Call Imp                 Summ           2%         N/A       98%         2
 Mephitic Cloud           Conj/Pois/Air  1%         N/A       100%        3


Dungeon Overview and Level Annotations

Branches:
Dungeon (3/15) Zot: 523

Altars:

Shops:
D:1 *   D:3 [


Innate Abilities, Weirdness & Mutations

You passively map a small area around you.
You are easily found by Zot.
You glow in the dark.
You regain HP and MP as you explore.


Message History

You hit the gnoll. You burn the gnoll.
The gnoll is heavily wounded.
The gnoll hits you but does no damage. x2; The gnoll closely misses you.
The hobgoblin hits you but does no damage.
You barely miss the gnoll.
The gnoll is heavily wounded.
The gnoll hits you but does no damage. x2; The gnoll barely misses you.
The hobgoblin hits you but does no damage.
You hit the gnoll. You burn the gnoll.
The gnoll is severely wounded.
The gnoll closely misses you. The gnoll hits you with a +0 flail!
The gnoll hits you from afar with a +0 spear.
The hobgoblin hits you.
* * * LOW HITPOINT WARNING * * *
You are too injured to fight recklessly!
You are too injured to fight recklessly!
You are too injured to fight recklessly!
You are too injured to fight recklessly!
You are too injured to fight recklessly!
You are too injured to fight recklessly!
You are too injured to fight recklessly!
You are too injured to fight recklessly!
You are too injured to fight recklessly!
You are too injured to fight recklessly!
You are too injured to fight recklessly!
Unknown command.
The gnoll hits you but does no damage.
The gnoll throws a throwing net.
The throwing net hits you.
You become entangled in the net!
The hobgoblin hits you but does no damage.
You see here a throwing net.
You struggle against the net.
The gnoll hits you with a +0 spear.
* * * LOW HITPOINT WARNING * * *
The gnoll hits you from afar with a +0 spear.
* * * LOW HITPOINT WARNING * * *
The hobgoblin barely misses you.
Unknown command.
You struggle against the net.
The gnoll hits you with a +0 spear.
* * * LOW HITPOINT WARNING * * *
The gnoll hits you with a +0 flail!
You die...

, , , , #
#....<.#....... **
,.....
#......#....... ,
.....
#......#....... * ,
....,#......#.......
*
#..###......#.......
*
#..#...#+####.......
######..#.### *
#...)... ,
.......g#'## *
#.......
......gg@..#*,
######..
.......#g..# #.#
.......#...# #.#
......##...# #.# *
...... #...# ** #.≈
......*#.... ** ##'≈
, ..... #..... +
#..≈ * #####
*#...... #... * #...


You could see 3 gnolls and a hobgoblin.

Vanquished Creatures
  An orc priest (D:3)
  2 adders (D:3)
  2 orcs (D:3)
  2 ball pythons (D:1)
  2 endoplasms
  A hobgoblin (D:3)
  4 jackals (D:1)
  2 kobolds (D:1)
  3 bats
  A frilled lizard (D:3)
  A goblin (D:3)
  2 rats
23 creatures vanquished.

Notes
Turn   | Place    | Note
-------+----------+-------------------------------------------
     0 | D:1      | strifetoe the Meteoran Cinder Acolyte began the quest for
                  | the Orb.
     0 | D:1      | Reached XP level 1. HP: 19/19 MP: 3/3
    69 | D:1      | Reached XP level 2. HP: 16/26 MP: 5/5
   401 | D:1      | Reached skill level 5 in Maces & Flails
   412 | D:1      | Found Jainutot's General Store.
   558 | D:3      | Reached XP level 3. HP: 31/31 MP: 6/6
   621 | D:3      | Found Vobug's Armour Shop.
   995 | D:3      | Reached XP level 4. HP: 37/38 MP: 7/7
  1098 | D:3      | Reached skill level 6 in Maces & Flails
  1098 | D:3      | Reached skill level 1 in Dodging
  1103 | D:3      | Reached skill level 1 in Armour
  1263 | D:3      | Slain by a gnoll

Illustrated notes

Levels and vault maps discovered:
D:1:      lemuel_arrival_room, layout_basic, basic_ecumenical_altar,
          serial_shops, shop, kennysheep_nondescript, grunt_decor_resistance
D:2:      minmay_general_purpose_star, layout_basic,
          nicolae_figureground_sparkle
D:3:      layout_basic, serial_shops, nicolae_shop_peninsula,
          guppyfry_early_lair_pool

Skill      XL: |  1  2  3  4 |
---------------+-------------+-----
Maces & Flails | 5 6 |  6.2
Dodging        | 1 |  1.0
Armour         | 1 |  1.0
Fighting       | |  3.2
Spellcasting   | |  1.3
Fire Magic     | |  3.6

Action                     |  1- 3 |  4- 6 || total
---------------------------+-------+-------++-------
  Melee: Mace              |    62 |    17 ||    79
 Armour: Chain mail        |    27 |    25 ||    52
         Robe              |     5 |       ||     5
  Dodge: Dodged            |    33 |    11 ||    44
